 Dungeon Crawl Stone Soup version 0.30.0-18-gc0e69614cb (webtiles) character file.

Game seed: 13825188811132389988

467762 GloriousHammer the Wrestler (level 23, -5/291 (299) HPs)
             Began as a Troll Fighter on May 23, 2023.
             Was the Champion of Wu Jian.
             Slain by a shadow dragon (8 damage)
             ... while paralysed by a vampire knight
             ... on level 3 of the Depths on May 24, 2023.
             The game lasted 03:11:17 (58050 turns).

GloriousHammer the Wrestler (Troll Fighter)        Turns: 58050, Time: 03:11:18

HP:   -5/291 (299)  AC: 29    Str: 32    XL:     23   Next: 48%
MP:   26/26         EV:  1    Int: 12    God:    Wu Jian [******]
Gold: 1436          SH:  0    Dex: 11    Spells: 6/28 levels left

rFire   . .          .
                       - Unarmed
rCold   + . .        e - +8 tower shield "Piommeoc" {Str+2}
rNeg    + + .        D - melded +2 robe {Will+}
rPois   ∞            (helmet restricted)
rElec   +            P - +2 cloak {Stlth+}
rCorr   .            (gloves unavailable)
SInv    +            (boots unavailable)
Will    +....        s - amulet of reflection
Stlth   +++          v - ring of see invisible
HPRegen 1.48/turn    d - ring of Egalitarianism {rC+ rN+ Dex+2 Stlth+}
MPRegen 0.20/turn

%: reflection
@: paralysed, statue-form, studying 2 skills, lightly drained
A: slow and powerful, torment resistance 1, boosted hp, large, unfitting armour,
claws 3, regeneration 1, (shaggy fur 1), (tough skin 1)
}: 2/15 runes: decaying, serpentine
a: End Transformation, Renounce Religion, Wall Jump, Serpent's Lash, Heavenly
Storm


You were on level 3 of the Depths.
You worshipped Wu Jian.
Wu Jian was exalted by your worship.
You were a living statue of rough stone.
You visited 10 branches of the dungeon, and saw 44 of its levels.
You visited 1 bazaar.
You also visited: Sewer, Ossuary and Ice Cave.

You collected 5214 gold pieces.
You spent 3778 gold pieces at shops.

Inventory:

Missiles
 c - 17 boomerangs of dispersal
 R - 43 large rocks (quivered)
 V - 5 javelins
 Z - a throwing net
Armour
 e - the +8 tower shield "Piommeoc" (worn) {Str+2}
   (You acquired it on level 10 of the Dungeon)

   Str:       It affects your strength (+2).
 D - a +2 robe of willpower (melded)
 P - a +2 cloak of stealth (worn)
Magical Staves
 Y - a staff of earth
Jewellery
 d - the ring of Egalitarianism (right claw) {rC+ rN+ Dex+2 Stlth+}
   (You found it on level 4 of the Snake Pit)

   [ring of protection from cold]

   Dex:       It affects your dexterity (+2).
   rC:        It protects you from cold.
   rN:        It protects you from negative energy.
   Stlth:     It makes you more stealthy.
 f - a ring of protection from fire
 q - the ring of Ryri {rElec Will+}
   (You acquired it on level 4 of the Snake Pit)

   [ring of willpower]

   rElec:     It insulates you from electricity.
   Will:      It increases your willpower.
 s - an amulet of reflection (around neck)
 v - a ring of see invisible (left claw)
 E - a +5 ring of evasion
 F - the ring of the Firefly {+Blink rElec rPois rCorr}
   (You bought it in a shop on level 3 of the Dungeon)

   [ring of poison resistance]

   rElec:     It insulates you from electricity.
   rPois:     It protects you from poison.
   +Blink:    It lets you blink.
   rCorr:     It protects you from acid and corrosion.
 L - a ring of flight
 T - a +4 ring of protection
 W - a +6 ring of intelligence
Wands
 o - a wand of paralysis (79)
 p - a wand of quicksilver (14)
 y - a wand of polymorph (36)
 H - a wand of mindburst (62)
 U - a wand of iceblast (39)
 X - a wand of digging (14)
Scrolls
 h - 24 scrolls of teleportation
 i - 3 scrolls of torment
 m - 4 scrolls of magic mapping
 t - 7 scrolls of fear
 w - 8 scrolls of immolation
 x - 7 scrolls of blinking
 I - a scroll of silence
 J - 3 scrolls of summoning
 K - 6 scrolls of fog
 O - 4 scrolls of poison
Potions
 a - 3 potions of might
 b - 4 potions of flight
 g - 12 potions of lignification
 j - 23 potions of curing
 k - 3 potions of ambrosia
 l - 8 potions of heal wounds
 n - 8 potions of brilliance
 r - 10 potions of resistance
 u - 11 potions of attraction
 z - 6 potions of magic
 A - 10 potions of mutation
 B - 4 potions of invisibility
 M - 10 potions of haste
 N - 2 potions of berserk rage
 Q - 7 potions of cancellation
Miscellaneous
 C - a phantom mirror
 G - a phial of floods


   Skills:
 + Level 13.6 Fighting
 + Level 3.1 Throwing
 - Level 9.9 Dodging
 + Level 16.3 Shields
 + Level 21.3 Unarmed Combat
 - Level 3.3 Spellcasting
 + Level 2.5 Conjurations
 - Level 2.0 Hexes
 * Level 7.4 Translocations
 + Level 13.6 Transmutations
 - Level 4.0 Air Magic
 + Level 18.0 Earth Magic


You had 6 spell levels left.
You knew the following spells:

 Your Spells              Type           Power      Damage    Failure   Level
a - Statue Form           Tmut/Erth      26%        N/A       11%         6
b - Blink                 Tloc           38%        N/A       3%          2
c - Passwall              Tmut/Erth      32%        N/A       1%          2
d - Leda's Liquefaction   Hex/Erth       13%        N/A       7%          4
e - Vhi's Electric Charg  Tloc/Air       30%        N/A       13%         3
f - Irradiate             Conj/Tmut      10%        3d15      41%         5

Your spell library contained the following spells:

 Spells                   Type           Power      Damage    Failure   Level
 Sandblast                Erth           90%        2d19      1%          1
 Stone Arrow              Conj/Erth      52%        3d10      1%          3
 Lee's Rapid Deconstruct  Erth           22%        3d13*     1%          5
 Apportation              Tloc           38%        N/A       2%          1
 Sting                    Tmut/Pois      72%        1d6       2%          1
 Blade Hands              Tmut           17%        N/A       4%          5
 Gell's Gravitas          Tloc           19%        N/A       6%          3
 Teleport Other           Tloc           19%        N/A       6%          3
 Animate Armour           Summ/Erth      46%        N/A       11%         4
 Shock                    Conj/Air       36%        1d5       12%         1
 Magic Dart               Conj           32%        1d4       16%         1
 Slow                     Hex            24%        N/A       21%         1
 Manifold Assault         Tloc           19%        N/A       22%         4
 Searing Ray              Conj           16%        2d5       24%         2
 Kiss of Death            Conj/Necr      16%        2d6       26%         1
 Swiftness                Air            11%        N/A       26%         3
 Ice Form                 Ice/Tmut       18%        N/A       26%         4
 Volatile Blastmotes      Fire/Tloc      20%        2d11      28%         3
 Poisonous Vapours        Pois/Air       12%        N/A       30%         2
 Borgnjor's Vile Clutch   Necr/Erth      11%        N/A       30%         5
 Necrotise                Necr           4%         1d4       41%         1
 Summon Small Mammal      Summ           4%         N/A       41%         1
 Ensorcelled Hibernation  Hex/Ice        8%         N/A       41%         2
 Dazzling Flash           Conj/Hex       14%        N/A       47%         3
 Mephitic Cloud           Conj/Pois/Air  7%         N/A       50%         3
 Iskenderun's Mystic Bla  Conj/Tloc      13%        2d5       50%         4
 Confusing Touch          Hex            6%         N/A       52%         3
 Call Imp                 Summ           2%         N/A       56%         2
 Alistair's Intoxication  Tmut/Pois      12%        N/A       58%         5
 Hailstorm                Conj/Ice       4%         3d4       63%         3
 Summon Guardian Golem    Hex/Summ       4%         N/A       65%         3
 Iron Shot                Conj/Erth      13%        9d3       69%         6
 Call Canine Familiar     Summ           1%         N/A       80%         3
 Ozocubu's Armour         Ice            1%         N/A       80%         3
 Vampiric Draining        Necr           1%         2d6       80%         3
 Fulminant Prism          Conj/Hex       3%         3d5       87%         4
 Summon Lightning Spire   Summ/Air       6%         N/A       89%         4
 Summon Forest            Summ/Tloc      5%         N/A       95%         5
 Arcjolt                  Conj/Air       4%         1d14      97%         5
 Dispersal                Tloc           9%         N/A       97%         6
 Silence                  Hex/Air        4%         N/A       98%         5
 Dispel Undead            Necr           1%         3d6       99%         4
 Olgreb's Toxic Radiance  Pois           1%         N/A       99%         4
 Freezing Cloud           Conj/Ice/Air   3%         6-21      99%         5
 Iskenderun's Battlesphe  Conj           8%         2d6       99%         5
 Eringya's Noxious Bog    Tmut/Pois      9%         N/A       99%         6
 Agony                    Necr           1%         N/A       100%        5
 Fireball                 Conj/Fire      2%         3d4       100%        5
 Metabolic Englaciation   Hex/Ice        2%         N/A       100%        5
 Summon Mana Viper        Hex/Summ       4%         N/A       100%        5
 Conjure Ball Lightning   Conj/Air       4%         3x3d6     100%        6
 Death Channel            Necr           0%         N/A       100%        6
 Plasma Beam              Fire/Air       3%         2x1d14    100%        6
 Simulacrum               Ice/Necr       0%         N/A       100%        6
 Summon Cactus Giant      Summ           0%         N/A       100%        6
 Dragon Form              Tmut           17%        N/A       80%         7
 Malign Gateway           Summ/Tloc      5%         N/A       100%        7
 Orb of Destruction       Conj           4%         9d5       100%        7
 Ozocubu's Refrigeration  Ice            0%         4d7       100%        7
 Spellforged Servitor     Conj/Summ      2%         N/A       100%        7
 Storm Form               Tmut/Air       11%        N/A       100%        7
 Summon Hydra             Summ           0%         N/A       100%        7
 Borgnjor's Revivificati  Necr           0%         N/A       100%        8
 Disjunction              Tloc           9%         N/A       100%        8
 Lehudib's Crystal Spear  Conj/Erth      13%        10d4      100%        8
 Maxwell's Capacitive Co  Air            5%         ∞         100%        8
 Necromutation            Tmut/Necr      9%         N/A       100%        8
 Summon Horrible Things   Summ           0%         N/A       100%        8
 Polar Vortex             Ice            0%         N/A       100%        9


Dungeon Overview and Level Annotations

Branches:
Dungeon (15/15)            Temple (0/1) D:5            Lair (5/5) D:11
  Swamp (4/4) Lair:3        Snake (4/4) Lair:2        Slime (0/5) Lair:5
    Orc (2/2) D:10            Elf (3/3) Orc:2        Vaults (4/5) D:14
  Crypt (3/3) Vaults:3       Tomb (1/3) Crypt:3      Depths (2/4) D:15
  Sewer (visited)         Ossuary (visited)           IceCv (visited)

Altars:
Dithmenos
Fedhas
Kikubaaqudgha
Makhleb
Nemelex Xobeh
Okawaru
Ru
Sif Muna
Trog
Uskayaw
Vehumet
Wu Jian
Xom
Yredelemnul
Zin
The Shining One

Shops:
D:3 =   D:11 *   D:12 [   D:15 (   Orc:2 ((=!   Elf:3 [?:   Snake:2 :==
Snake:3 *   Vaults:1 [   Vaults:2 [   Depths:1 [

Portals:
Hell: Depths:1
Abyss: D:10
Trove: D:15 (give 2 scrolls of acquirement)

Annotations:
D:11 exclusion: door
D:14 exclusion: downstairs
Lair:3 2 transporters
Swamp:3 exclusion: 2 downstairs
Elf:1 1 runed translucent door
Crypt:1 3 runed translucent doors, Fainec's ghost, veteran GrEE; Jetyrhek's ghost, veteran GrEE; Voydouki's ghost, veteran MiGl


Innate Abilities, Weirdness & Mutations

You are a living statue of rough stone.
Your actions are slow, but your melee attacks are powerful.
You are resistant to unholy torment.
Your maximum health is greatly increased.
You are immune to poison.
Your equipment is partially melded.
You are too large for most types of armour.
You have claws for hands.
Your natural rate of healing is unusually fast.
((You are covered in fur. (AC +1)))
((You have tough skin. (AC +1)))


Message History

The caustic shrike is engulfed in calcifying dust. x2
The walking earthen tome erupts in a flurry of living spells!
You block the hell knight's attack.
The helpless caustic shrike fails to defend itself.
You eviscerate the caustic shrike!!!!!
You kill the caustic shrike!
The Council accepts your kill.
The dire elephant changes into a quicksilver dragon!
You block the hell knight's attack. The ice dragon breathes frost at you.
The blast of cold hits you!! You resist. You block the hell knight's attack.
You hear a loud rustle.
Your life force feels restored.
You claw the quicksilver dragon!
The quicksilver dragon is lightly wounded.
The quicksilver dragon changes into a fenstrider witch!
You block the hell knight's attack.
The shadow dragon bites you but does no damage.
The shadow dragon claws you but does no damage.
The shadow dragon barely misses you.
The walking earthen tome erupts in a flurry of living spells!
You scratch the fenstrider witch but do no damage.
The hell knight mumbles some strange prayers to its god.
The hell knight blinks!
You block the shadow dragon's attack.
The shadow dragon claws you but does no damage. x2
The ice dragon breathes frost at you. The blast of cold hits you! You resist.
The blast of cold misses the shadow dragon.
You block the fenstrider witch's attack.
The fenstrider witch kicks you but does no damage.
You hear a loud rustle.
You eviscerate the fenstrider witch!!!
The fenstrider witch is almost dead.
You block the fenstrider witch's attack.
The fenstrider witch kicks you but does no damage.
You block the shadow dragon's attack. x2
The shadow dragon claws you but does no damage.
A walking frostbound tome comes into view.
The walking earthen tome erupts in a flurry of living spells!
You barely miss the fenstrider witch.
The fenstrider witch is almost dead.
The fenstrider witch changes into a fire giant!
The hell knight calls down the wrath of its god upon you.
The bolt of fire hits the living spell!
The living spell is destroyed!
The bolt of fire hits you!!
The walking earthen tome erupts in a flurry of living spells!
You block the shadow dragon's attack. x2; The shadow dragon barely misses you.
The ice dragon closely misses you. You block the ice dragon's attack. x2
A stone giant comes into view.
The hell knight hits you but does no damage.
Your muscles tense, ready for explosive movement...
A vampire knight comes into view. It is wielding a +0 battleaxe.
You lunge with incredible momentum at the hell knight.
You eviscerate the hell knight!!!!!
You blow up the hell knight!
The Council accepts your kill.
You spin and attack the fire giant, with incredible momentum.
You eviscerate the fire giant!!!!
You blow up the fire giant!
The Council accepts your kill.
You spin and attack the ice dragon, with incredible momentum.
You eviscerate the ice dragon!!!
The ice dragon is heavily wounded.
You spin and attack the ice dragon, with incredible momentum.
You eviscerate the ice dragon!!!!
You blow up the ice dragon!
The Council accepts your kill.
Your supernatural speed expires.
The shadow dragon breathes negative energy at you.
The bolt of negative energy hits you. You partially resist.
You feel drained.
The stone giant throws a large rock.
You block the large rock with an invisible shield... and reflect it back!
The large rock hits the stone giant!!!
The vampire knight gestures wildly while chanting.
The vampire knight flickers and vanishes for a moment.
You completely miss the shadow dragon.
The shadow dragon bites you but does no damage.
You block the shadow dragon's attack. The shadow dragon barely misses you.
You block the walking earthen tome's attack.
A glowing orange brain comes into view.
You spin and attack the walking earthen tome.
You eviscerate the walking earthen tome!!!!
The walking earthen tome is almost destroyed.
The walking earthen tome erupts in a flurry of living spells!
Items here: $ ) ? [.
You scratch the walking earthen tome but do no damage.
The walking earthen tome is almost destroyed.
You block the shadow dragon's attack. x3
The walking earthen tome barely misses you.
The living spell casts itself at you.
You barely resist. The living spell casts itself at you.
You are unaffected.
You scratch the walking earthen tome but do no damage.
The walking earthen tome is almost destroyed.
You block the shadow dragon's attack.
The shadow dragon claws you but does no damage. x2
You block the walking earthen tome's attack.
You eviscerate the walking earthen tome!!!!
You destroy the walking earthen tome!
The Council accepts your kill.
You hear a loud rustle.
You block the shadow dragon's attack. x2; The shadow dragon claws you.
The vampire knight mumbles some strange words.
The vampire knight seems to speed up.
The shadow dragon bites you. The shadow dragon claws you!
You block the shadow dragon's attack.
The glowing orange brain blinks!
The stone giant throws a large rock.
The large rock barely misses you.
You spin and attack the shadow dragon.
You mangle the shadow dragon!!
The shadow dragon is moderately wounded.
The stone giant throws a large rock.
You block the large rock with an invisible shield... and reflect it back!
The large rock hits the stone giant!!!
You block the walking frostbound tome's attack.
The shadow dragon breathes negative energy at you.
The bolt of negative energy hits you. You partially resist.
You feel drained.
You scratch the vampire knight but do no damage.
You block the vampire knight's attack. x2; The stone giant throws a large rock.
The large rock hits you but does no damage.
The walking frostbound tome hits you but does no damage.
You block the shadow dragon's attack. The shadow dragon claws you.
The shadow dragon claws you but does no damage.
You claw the vampire knight!
The vampire knight is lightly damaged.
You block the vampire knight's attack. The vampire knight bites you!
The stone giant throws a large rock.
You block the large rock with an invisible shield... and reflect it back!
The large rock hits the glowing orange brain!!
The walking frostbound tome hits you.
The walking frostbound tome freezes you!
You resist.
You block the shadow dragon's attack. x3
The vampire knight hits you with a +0 battleaxe.
The vampire knight closely misses you.
You scratch the vampire knight but do no damage.
The vampire knight is lightly damaged.
The vampire knight hits you with a +0 battleaxe!
You block the vampire knight's attack.
You block the walking frostbound tome's attack.
The shadow dragon bites you.
You block the shadow dragon's attack. x2
You mangle the vampire knight!!
The vampire knight is heavily damaged.
You block the vampire knight's attack. The vampire knight bites you.
You block the stone giant's attack.
The vampire knight gestures at you while chanting.
You easily resist.
The walking frostbound tome hits you but does no damage.
The shadow dragon barely misses you.
The shadow dragon claws you but does no damage.
You block the shadow dragon's attack.
You eviscerate the vampire knight!!!
The vampire knight is almost destroyed.
You feel less exhausted.
The vampire knight points at you and mumbles some strange words.
You suddenly lose the ability to move!
The stone giant hits you but does no damage.
The walking frostbound tome erupts in a flurry of living spells!
The shadow dragon bites you!
The shadow dragon completely misses you.
The shadow dragon claws you but does no damage.
The vampire knight hits you with a +0 battleaxe.
The vampire knight bites you!
The vampire knight hits you with a +0 battleaxe!!
The vampire knight bites you but does no damage.
The shadow dragon bites you.
The shadow dragon claws you but does no damage.
The shadow dragon claws you.
The stone giant hits you but does no damage.
The walking frostbound tome erupts in a flurry of living spells!
The glowing orange brain pulsates.
You resist with almost no effort.
The vampire knight hits you with a +0 battleaxe!!
* * * LOW HITPOINT WARNING * * *
The vampire knight bites you but does no damage.
The walking frostbound tome hits you but does no damage.
The shadow dragon breathes negative energy at you.
The bolt of negative energy hits you! You partially resist.
You feel drained.
* * * LOW HITPOINT WARNING * * *
The stone giant hits you!!
* * * LOW HITPOINT WARNING * * *
The vampire knight hits you but does no damage.
The vampire knight bites you!
* * * LOW HITPOINT WARNING * * *
The shadow dragon bites you but does no damage.
The shadow dragon claws you but does no damage.
The shadow dragon claws you!
* * * LOW HITPOINT WARNING * * *
The walking frostbound tome erupts in a flurry of living spells!
The stone giant hits you but does no damage.
The vampire knight hits you with a +0 battleaxe!
* * * LOW HITPOINT WARNING * * *
The vampire knight bites you!
* * * LOW HITPOINT WARNING * * *
The vampire knight hits you but does no damage.
The vampire knight bites you but does no damage.
The walking frostbound tome hits you but does no damage.
The shadow dragon bites you but does no damage.
The shadow dragon claws you but does no damage.
The shadow dragon claws you!
You die...

. +# ~~ .#+# ##+# ###♣~♣
...####+####..#+##....#
..##...........*.....#
..#..........*.GD....+
†.)..........**C8V...#
##''####..####*;####.....
#..# #..# #..# ....
...... #..# ...... ...
......##++##......# ##
........ ..........
.....................
##....##++##....####.. .
?....# ..


You could see a shadow dragon (catching breath), a walking frostbound tome, a
stone giant, a vampire knight (fast, invisible), a glowing orange brain and 5
living spells.

Vanquished Creatures
  Mennas (Crypt:3)
  Frederick (Crypt:2)
  Margery (Vaults:3)
  Xtahua (Crypt:2)
  A caustic shrike (Depths:3)
  Nikola (Snake:1)
  A tentacled monstrosity (Swamp:2)
  A lich (Depths:3)
  3 deep elf blademasters
  2 titans
  Asterion (Snake:2)
  3 walking earthen tomes (Depths:3)
  The ghost of Akuuror the Warrior, an adept GrFi of Okawaru (Snake:3)
  2 deep elf master archers (Elf:3)
  A sphinx (shapeshifter) (Depths:2)
  3 ancient champions
  8 sphinxes
  A storm dragon (Depths:3)
  3 thorn hunters (Swamp:4)
  Donald (Vaults:4)
  A shadow dragon (Depths:2)
  3 tengu reavers
  5 revenants
  8 nagarajas
  A fire giant (shapeshifter) (Depths:3)
  8 deep elf sorcerers
  4 fire giants
  4 frost giants
  A caustic shrike zombie (Crypt:3)
  Aizul (Snake:1)
  9 vault wardens
  A juggernaut zombie (Crypt:3)
  3 deep elf elementalists (Elf:3)
  7 very ugly things
  3 reapers
  8 stone giants
  18 ironbound preservers
  9 deep elf demonologists (Elf:3)
  8 ironbound thunderhulks
  19 vampire knights
  3 eleionomae
  8 dire elephants
  5 bunyips
  Nessos (Lair:4)
  7 deep elf annihilators
  Azrael (Elf:1)
  7 spark wasps
  9 deep elf death magi
  Snorg (D:14)
  7 ettins
  3 eidola
  2 shambling mangroves (Swamp:4)
  A crystal guardian (Vaults:4)
  7 great orbs of eyes
  4 deep elf high priests
  13 jiangshi
  2 mummy priests
  4 entropy weavers
  6 fire dragons
  13 yaktaur captains
  2 rakshasas (Depths:1)
  2 spriggan zombies (Crypt:3)
  Fannar (D:12)
  The ghost of juan097 the Cleaver, a journeyman MiFi of Ru (D:10)
  15 hydras
  2 salamander tyrants
  A fenstrider witch zombie (Crypt:3)
  Erolcha (D:9)
  6 ice dragons
  13 ironbound frosthearts
  2 peacekeepers
  6 vault guards
  2 spriggan air magi
  8 centaur warriors
  An ogre mage (D:15)
  3 alligators
  A catoblepas (Lair:3)
  5 boulder beetles
  15 anacondas
  33 dancing weapons
  A death knight (D:14)
  8 two-headed ogres
  12 death yaks
  2 tengu warriors
  10 vampire magi
  A hell hog (D:10)
  A titan zombie (Crypt:1)
  7 shock serpents
  9 orc high priests
  22 naga warriors
  2 spriggan berserkers
  4 deep troll earth magi
  13 naga sharpshooters
  A storm dragon zombie (Crypt:3)
  An emperor scorpion zombie (Crypt:3)
  11 hell knights
  Sonja (Orc:2)
  The ghost of SecretSquirrel the Skirmisher, a novice MiHu (D:8)
  15 deep elf knights
  3 soul eaters
  36 skeletal warriors
  4 goliath frogs
  An iron troll (Depths:1)
  40 deep trolls
  19 naga ritualists
  2 shadow demons (Elf:1)
  4 spriggan simulacra
  2 flayed ghosts
  6 salamander mystics
  7 sea snakes (Snake:4)
  4 deep elf archers
  2 glowing orange brains
  11 swamp dragons
  28 phantasmal warriors
  A harpy (Vaults:2)
  6 wizards
  2 bunyip skeletons
  4 bog bodies
  A spriggan druid (Swamp:4)
  An obsidian statue (IceCv)
  A shadow dragon zombie (Tomb:1)
  7 necromancers
  An orange crystal statue (IceCv)
  An iron dragon zombie (Crypt:3)
  14 deep elf zephyrmancers
  11 orc knights
  7 lindwurms (Vaults:2)
  17 ironbound convokers
  39 deep elf pyromancers
  2 wolf spider zombies
  15 mana vipers
  2 cyclopes
  2 orc sorcerers
  16 salamanders
  19 ugly things
  3 will-o-the-wisps
  2 toenail golems (D:10)
  2 manticores
  52 black mambas
  8 elephants
  A dire elephant zombie (Crypt:3)
  5 guardian serpents
  12 vault sentinels
  3 cane toads
  21 naga magi
  An ice statue (D:14)
  A titan simulacrum (Crypt:2)
  2 kobold demonologists (Elf:1)
  2 rime drakes (Lair:5)
  An anaconda simulacrum (IceCv)
  An efreet (D:14)
  16 komodo dragons
  8 unseen horrors
  23 yaktaurs
  A minotaur skeleton (Crypt:1)
  2 golden dragon simulacra (IceCv)
  A redback zombie (D:14)
  12 freezing wraiths
  A tengu conjurer (Depths:1)
  3 ice devils (IceCv)
  A catoblepas skeleton (Crypt:2)
  2 guardian mummies (Tomb:1)
  2 harpy zombies
  A meliai (shapeshifter) (D:11)
  3 hydra zombies
  12 trolls
  10 polar bears
  6 tyrant leeches
  Grinder (D:3)
  4 blink frogs (Lair:5)
  Prince Ribbit (D:4)
  A bloated husk (Swamp:2)
  A radroach zombie (Crypt:1)
  A harpy skeleton (Crypt:2)
  20 hornets
  17 dream sheep
  2 dream sheep (shapeshifter)
  A centaur simulacrum (Crypt:1)
  A meliai zombie (D:14)
  A guardian serpent skeleton (Crypt:2)
  8 flying skulls
  3 air elementals (Elf:1)
  A slime creature (shapeshifter) (D:14)
  25 spriggans
  2 black mamba zombies
  33 slime creatures
  3 shadows
  An alligator skeleton (Crypt:1)
  2 vampires
  8 wyverns
  Eustachio (D:6)
  A wind drake zombie (Crypt:3)
  A human (D:14)
  2 water elementals
  13 wraiths
  A dire elephant simulacrum (IceCv)
  47 yaks
  3 ushabtiu (Tomb:1)
  Grum (D:9)
  4 vampire mosquitoes (D:14)
  6 fire elementals
  An alligator snapping turtle simulacrum (Crypt:2)
  3 basilisks
  2 redbacks (Vaults:1)
  3 minotaur simulacra (IceCv)
  A hog (shapeshifter) (D:14)
  7 wargs
  2 steam dragons
  18 swamp worms
  A naga zombie (Crypt:1)
  A hydra simulacrum (IceCv)
  58 nagas
  18 water moccasins
  An acid dragon (D:10)
  3 hell hounds (Elf:1)
  A floating eye (Depths:2)
  3 black bears (Lair:5)
  3 sky beasts (D:6)
  12 swamp drakes
  An ice beast (D:6)
  36 orc warriors
  6 ogres
  An ettin simulacrum (IceCv)
  30 wolves
  A blink frog zombie (Crypt:3)
  10 boggarts
  6 centaurs
  A phantom (D:4)
  An elf zombie (Ossuary)
  3 kobold brigands
  10 bullfrogs
  8 scorpions
  6 gnoll sergeants
  2 earth elementals
  A warg zombie (Crypt:3)
  6 deep troll simulacra (IceCv)
  A small abomination (D:10)
  3 troll zombies (Swamp:2)
  19 wights
  18 killer bees
  A lindwurm simulacrum (IceCv)
  A queen bee zombie (Crypt:3)
  3 electric eels
  A troll skeleton (Swamp:2)
  A howler monkey (D:7)
  6 lava snakes (Lair:2)
  13 centaur zombies
  6 hounds
  4 jellies
  31 orc priests
  2 human zombies (Ossuary)
  7 iguanas
  Ijyb (D:5)
  15 orc wizards
  An ogre zombie (Crypt:1)
  An ice beast zombie (Crypt:2)
  5 mummies
  A howler monkey skeleton (Crypt:3)
  22 gnolls
  10 adders
  3 river rats
  2 shadow imps
  An ufetubus (D:4)
  A worm zombie (Crypt:1)
  An adder skeleton (Crypt:3)
  6 worms
  4 dart slugs
  65 orcs
  4 bats
  5 endoplasms
  4 giant cockroaches
  A gnoll zombie (Crypt:1)
  14 goblins
  9 hobgoblins
  8 jackals
  17 kobolds
  4 quokkas
  6 ball pythons
  A ball python skeleton (Crypt:2)
  An endoplasm zombie (Crypt:1)
  3 goblin zombies
  9 hobgoblin zombies (Ossuary)
  A jackal zombie (Ossuary)
  A kobold skeleton (Crypt:2)
  10 kobold zombies
  8 orc zombies (Ossuary)
  12 rats
1921 creatures vanquished.

Vanquished Creatures (others)
  An anaconda (Snake:1)
  A deep elf knight (Elf:2)
  A deep troll (Vaults:3)
  A deep elf pyromancer (Elf:2)
  3 deep elf zephyrmancers
  An unseen horror (D:13)
  A bloated husk (Swamp:1)
  An orc (D:7)
  A frilled lizard zombie (Crypt:2)
  8 foxfires
19 creatures vanquished.

Grand Total: 1940 creatures vanquished

Notes
Turn   | Place    | Note
-------+----------+-------------------------------------------
     0 | D:1      | GloriousHammer the Troll Fighter began the quest for the
                  | Orb.
     0 | D:1      | Reached XP level 1. HP: 22/22 MP: 0/0
   169 | D:1      | Reached XP level 2. HP: 29/29 MP: 1/1
   529 | D:2      | Reached XP level 3. HP: 33/36 MP: 2/2
   588 | D:2      | Reached skill level 3 in Unarmed Combat
   995 | D:3      | Noticed a centaur
   996 | D:3      | Noticed Grinder
  1004 | D:3      | Killed a centaur
  1005 | D:3      | Reached XP level 4. HP: 42/45 MP: 3/3
  1049 | D:3      | Paralysed by Grinder for 2 turns
  1078 | D:3      | Killed Grinder
  1079 | D:3      | Reached skill level 4 in Unarmed Combat
  1079 | D:3      | Reached XP level 5. HP: 30/53 MP: 4/4
  1079 | D:3      | Reached XP level 6. HP: 35/61 MP: 5/5
  1382 | D:3      | Found Naen's Jewellery Boutique.
  1548 | D:3      | Reached skill level 5 in Unarmed Combat
  2141 | D:4      | Found a radiant altar of Vehumet.
  2351 | D:4      | Identified the +4 ring mail of Plasticity {+Blink rPois
                  | Str+4 SInv}
  2408 | D:4      | Found a glowing drain.
  2445 | Sewer    | Entered a sewer
  2566 | Sewer    | Reached XP level 7. HP: 65/70 MP: 6/6
  2784 | D:4      | Reached skill level 6 in Unarmed Combat
  3002 | D:4      | Found a burning altar of Makhleb.
  3157 | D:5      | Entered Level 5 of the Dungeon
  3157 | D:5      | Noticed Prince Ribbit
  3164 | D:4      | Killed Prince Ribbit
  3165 | D:4      | Reached skill level 5 in Shields
  3165 | D:4      | Reached XP level 8. HP: 76/79 MP: 7/7
  3203 | D:5      | Found a sand-covered staircase.
  3214 | D:5      | Reached skill level 7 in Unarmed Combat
  3223 | Ossuary  | Entered an ossuary
  3430 | Ossuary  | Reached skill level 5 in Fighting
  3652 | D:5      | Reached skill level 8 in Unarmed Combat
  3683 | D:5      | Found an ornate altar of the Wu Jian Council.
  3718 | D:5      | Became a worshipper of the Wu Jian Council
  3885 | D:5      | Found a staircase to the Ecumenical Temple.
  4156 | D:5      | Noticed Ijyb
  4164 | D:5      | Killed Ijyb
  4316 | D:5      | Killed an unseen horror
  4317 | D:5      | Reached XP level 9. HP: 27/88 MP: 8/8
  4488 | D:6      | Reached skill level 9 in Unarmed Combat
  4584 | D:6      | You fall into a shaft and drop 3 floors!
  4604 | D:9      | Reached * piety under Wu Jian
  4695 | D:6      | Noticed Eustachio
  4714 | D:6      | Killed Eustachio
  4840 | D:6      | Found a shadowy altar of Dithmenos.
  5029 | D:6      | Found a bloodstained altar of Trog.
  5029 | D:6      | Found an iron altar of Okawaru.
  5568 | D:7      | Noticed a troll
  5575 | D:7      | Killed a troll
  5576 | D:7      | Reached skill level 10 in Unarmed Combat
  5625 | D:7      | Reached ** piety under Wu Jian
  5716 | D:7      | Reached XP level 10. HP: 96/100 MP: 9/9
  6651 | D:8      | Found a transporter.
  6652 | D:8      | Noticed SecretSquirrel's ghost (novice MiHu)
  6654 | D:8      | Found a transporter.
  7152 | D:8      | Reached skill level 11 in Unarmed Combat
  7164 | D:8      | Reached *** piety under Wu Jian
  7301 | D:9      | Paralysed by a gnoll for 3 turns
  7445 | D:9      | Noticed Erolcha
  7451 | D:9      | Killed Erolcha
  7568 | D:9      | Reached skill level 5 in Dodging
  7568 | D:9      | Reached XP level 11. HP: 105/109 MP: 10/10
  7851 | D:9      | Found a hide-covered altar of Uskayaw.
  7851 | D:9      | Noticed a +0 hand axe
  7852 | D:9      | Noticed a +0 hand axe
  8082 | D:9      | Found a glowing silver altar of Zin.
  8155 | D:9      | Found the +16 obsidian axe {drain, demonic, Mesm Drain Fly
                  | SInv}
  8155 | D:9      | Noticed Grum
  8163 | D:9      | Killed Grum
  8191 | D:10     | Entered Level 10 of the Dungeon
  8245 | D:10     | Noticed a hell hog
  8247 | D:10     | Found a transporter.
  8302 | D:10     | Noticed juan097's ghost (journeyman MiFi)
  8309 | D:10     | Identified a scroll of acquirement
  8310 | D:10     | Acquired the +8 tower shield "Piommeoc" {Str+2}
  8371 | D:10     | Noticed a cyan ugly thing
  8383 | D:10     | Reached skill level 12 in Unarmed Combat
  8403 | D:10     | Identified the +0 chain mail of Temperance {Str+8}
  8445 | D:10     | Reached **** piety under Wu Jian
  8643 | D:10     | Found a shimmering altar of Xom.
  8644 | D:10     | Found a shimmering blue altar of Sif Muna.
  8644 | D:10     | Found a sparkling altar of Nemelex Xobeh.
  8704 | D:10     | Found a staircase to the Orcish Mines.
  8704 | D:10     | Noticed a two-headed ogre
  8718 | D:10     | Killed a two-headed ogre
  8818 | D:10     | Found a one-way gate to the infinite horrors of the Abyss.
  8829 | D:10     | Found a transporter.
  9214 | D:3      | Bought the ring of the Firefly {+Blink rElec rPois rCorr}
                  | for 512 gold pieces
  9376 | D:11     | Found Apux Ygh's General Store.
  9383 | D:11     | Bought a potion of curing for 51 gold pieces
  9556 | D:11     | Noticed a two-headed ogre
  9556 | D:11     | Noticed a centaur warrior
  9557 | D:11     | Noticed a boulder beetle
  9558 | D:11     | Noticed a two-headed ogre
  9594 | D:11     | Noticed a brown ugly thing
  9609 | D:11     | Killed a brown ugly thing
  9631 | D:11     | Noticed a deep elf pyromancer
  9639 | D:11     | Killed a deep elf pyromancer
  9900 | D:11     | Noticed a skeletal warrior
  9900 | D:11     | Noticed a tengu warrior
  9914 | D:11     | Killed a tengu warrior
  9915 | D:11     | Reached skill level 13 in Unarmed Combat
  9916 | D:11     | Killed a skeletal warrior
 10212 | D:11     | Reached XP level 12. HP: 120/120 MP: 11/11
 10316 | D:11     | Found a staircase to the Lair.
 10663 | Lair:1   | Entered Level 1 of the Lair of Beasts
 10875 | Lair:1   | Reached ***** piety under Wu Jian
 11303 | Lair:2   | Noticed a six-headed hydra
 11315 | Lair:2   | Killed a nine-headed hydra
 11348 | Lair:2   | Found a staircase to the Snake Pit.
 11730 | Lair:2   | Reached skill level 14 in Unarmed Combat
 12608 | D:3      | Bought a ring of see invisible for 165 gold pieces
 12928 | Lair:3   | Noticed a catoblepas
 12947 | Lair:3   | Killed a catoblepas
 13058 | Lair:3   | Noticed a boulder beetle
 13060 | Lair:3   | Killed a boulder beetle
 13111 | Lair:3   | Found a transporter.
 13314 | Lair:3   | Found a staircase to the Swamp.
 13493 | Lair:3   | Found a transporter.
 14030 | Lair:4   | Reached skill level 10 in Shields
 14047 | Lair:4   | Reached XP level 13. HP: 103/131 MP: 12/12
 14136 | Lair:4   | Noticed Nessos
 14146 | Lair:4   | Killed Nessos
 14333 | Lair:4   | Reached skill level 15 in Unarmed Combat
 15130 | Lair:5   | Entered Level 5 of the Lair of Beasts
 15947 | Lair:5   | Reached skill level 10 in Fighting
 15947 | Lair:5   | Reached skill level 16 in Unarmed Combat
 16037 | Lair:5   | Reached XP level 14. HP: 81/143 MP: 13/13
 16438 | Lair:5   | Found a runed translucent door.
 16438 | Lair:5   | Found a staircase to the Slime Pits.
 16919 | Lair:5   | Learned a level 6 spell: Statue Form
 17154 | D:12     | Found a sacrificial altar of Ru.
 17287 | D:12     | Noticed Fannar
 17296 | D:12     | Killed Fannar
 17460 | D:12     | Found Becuen's Armour Boutique.
 17750 | D:13     | Reached skill level 17 in Unarmed Combat
 18223 | Orc:1    | Entered Level 1 of the Orcish Mines
 19070 | Orc:2    | Entered Level 2 of the Orcish Mines
 19091 | Orc:2    | Noticed Sonja
 19112 | Orc:2    | Killed Sonja
 19501 | Orc:2    | Reached XP level 15. HP: 61/141 MP: 14/14
 19555 | Orc:2    | Found Noadgh's Jewellery Emporium.
 19555 | Orc:2    | Found Xaefen's Distillery.
 19556 | Orc:2    | Found Aret's Antique Weapon Shoppe.
 19556 | Orc:2    | Found Lextoac's Weapon Emporium.
 19721 | Orc:2    | Found a staircase to the Elven Halls.
 19917 | Orc:2    | Bought a potion of haste for 160 gold pieces
 19917 | Orc:2    | Bought a potion of resistance for 160 gold pieces
 20146 | D:14     | Noticed Snorg
 20157 | D:14     | Killed Snorg
 20194 | D:14     | Found a frozen archway.
 20330 | IceCv    | Entered an ice cave
 20628 | IceCv    | Reached skill level 18 in Unarmed Combat
 22278 | D:14     | Found a gate to the Vaults.
 23083 | D:15     | Entered Level 15 of the Dungeon
 23102 | D:15     | Found a portal to a secret trove of treasure.
 23279 | D:15     | Found Jiycseta's Weapon Emporium.
 23470 | D:15     | Found a staircase to the Depths.
 23576 | D:15     | Reached skill level 19 in Unarmed Combat
 23638 | D:15     | Reached XP level 16. HP: 120/165 MP: 11/15
 23906 | D:15     | Found a blossoming altar of Fedhas.
 24135 | Orc:2    | Bought a ring of flight for 245 gold pieces
 24436 | Swamp:1  | Entered Level 1 of the Swamp
 25410 | Swamp:2  | Reached ****** piety under Wu Jian
 25562 | Swamp:2  | Noticed a tentacled monstrosity
 25570 | Swamp:2  | Killed a tentacled monstrosity
 26741 | Swamp:4  | Entered Level 4 of the Swamp
 26916 | Swamp:4  | Reached skill level 20 in Unarmed Combat
 27038 | Swamp:4  | Noticed a thorn hunter
 27049 | Swamp:4  | Killed a thorn hunter
 27050 | Swamp:4  | Noticed a thorn hunter
 27054 | Swamp:4  | HP: 3/167 [thorn hunter (17)]
 27554 | Swamp:4  | Killed a thorn hunter
 28343 | Swamp:4  | Noticed a thorn hunter
 28348 | Swamp:4  | Killed a thorn hunter
 28577 | Swamp:4  | Got a decaying rune of Zot
 28725 | Snake:1  | Entered Level 1 of the Snake Pit
 28725 | Snake:1  | Noticed Nikola
 28734 | Snake:1  | Killed Nikola
 28735 | Snake:1  | Reached XP level 17. HP: 81/176 MP: 6/16
 28929 | Snake:1  | Reached skill level 21 in Unarmed Combat
 28973 | Snake:1  | Noticed Aizul
 28982 | Snake:1  | Killed Aizul
 28986 | Snake:1  | Reached skill level 1 in Earth Magic
 29092 | Snake:1  | Reached skill level 1 in Transmutations
 29106 | Snake:1  | Reached skill level 1 in Spellcasting
 29731 | Snake:2  | Found Xowutoil's Jewellery Boutique.
 29732 | Snake:2  | Found Jyap's Book Emporium.
 29734 | Snake:2  | Found Kedemmem's Jewellery Boutique.
 29739 | Snake:2  | Bought a +5 ring of evasion for 540 gold pieces
 29778 | Snake:2  | Noticed Asterion
 29818 | Snake:2  | Killed Asterion
 30179 | Snake:2  | Bought a ring of protection from fire for 475 gold pieces
 31136 | Snake:3  | Found Kixt's Assorted Antiques.
 31153 | Snake:3  | Bought a small beryl amulet for 160 gold pieces
 31218 | Snake:3  | Reached skill level 5 in Earth Magic
 31232 | Snake:3  | Noticed Akuuror's ghost (adept GrFi)
 31238 | Snake:3  | Found a transporter.
 31256 | Snake:3  | Found a transporter.
 32045 | Snake:4  | Entered Level 4 of the Snake Pit
 32219 | Snake:4  | Reached skill level 5 in Transmutations
 32564 | Snake:4  | Reached XP level 18. HP: 177/185 MP: 21/21
 33345 | Snake:4  | Identified the +3 short sword of the Viper {venom, rElec
                  | rF+ rCorr}
 33363 | Snake:4  | Identified the ring of Egalitarianism {rC+ rN+ Dex+2
                  | Stlth+}
 33810 | Snake:4  | Acquired the ring of Ryri {rElec Will+}
 35496 | Snake:4  | Got a serpentine rune of Zot
 35788 | Vaults:1 | Entered Level 1 of the Vaults
 36237 | Vaults:1 | Reached skill level 10 in Earth Magic
 36910 | Vaults:1 | Reached XP level 19. HP: 193/193 MP: 22/22
 37131 | Vaults:1 | Found Suifyrcha's Armour Shop.
 37776 | D:8      | Killed SecretSquirrel's ghost
 38024 | D:10     | Killed juan097's ghost
 38874 | Vaults:2 | Found Qythimoo's Armour Boutique.
 38998 | Vaults:2 | Reached skill level 10 in Transmutations
 39185 | Vaults:2 | You fall into a shaft and drop 1 floor!
 39339 | Vaults:3 | Paralysed by a great orb of eyes for 5 turns
 39663 | Vaults:3 | Found a flickering gateway to a bazaar.
 39690 | Bazaar   | Entered a bazaar
 39782 | Bazaar   | Found Kutoanwa's Distillery.
 39783 | Bazaar   | Found Ifreroul's Book Emporium.
 39826 | Bazaar   | Found Tuoniw's Jewellery Shoppe.
 39826 | Bazaar   | Found Hucuimer's Weapon Shoppe.
 39869 | Bazaar   | Bought a potion of heal wounds for 30 gold pieces
 39874 | Bazaar   | Learned a level 2 spell: Blink
 40189 | Vaults:3 | Noticed Margery
 40976 | Vaults:2 | HP: 3/193 [ironbound convoker/+1 heavy great mace (40)]
 41472 | Vaults:2 | Identified the +0 robe of Dramatic Exits {rElec Regen+
                  | Int+3}
 41704 | Vaults:2 | Reached XP level 20. HP: 154/202 MP: 23/23
 42449 | Vaults:3 | Killed Margery
 42559 | Vaults:3 | Found a staircase to the Crypt.
 44376 | Vaults:4 | Noticed Donald
 44400 | Vaults:4 | Killed Donald
 44611 | Vaults:4 | Paralysed by a sphinx for 5 turns
 45416 | Elf:1    | Entered Level 1 of the Elven Halls
 45416 | Elf:1    | Found the +7 great mace "Undeadhunter" {deathbane, rN+}
 45416 | Elf:1    | Found a runed translucent gate.
 45416 | Elf:1    | Found a runed translucent gate.
 45416 | Elf:1    | Found a runed translucent gate.
 45416 | Elf:1    | Found a runed translucent gate.
 45416 | Elf:1    | Found a runed translucent gate.
 45416 | Elf:1    | Found a runed translucent gate.
 45417 | Elf:1    | Found a runed translucent door.
 45607 | Elf:1    | Found a runed translucent door.
 45797 | Elf:1    | Noticed Azrael
 45800 | Elf:1    | Killed Azrael
 46325 | Elf:1    | Paralysed by an air elemental for 1 turns
 46329 | Elf:1    | Paralysed by an air elemental for 1 turns
 46498 | Elf:1    | Got the Omnibus of the Assembled Volley
 46658 | Elf:1    | Found a shimmering blue altar of Sif Muna.
 46728 | Elf:1    | Identified the amulet "Loutz" {RegenMP rCorr Int+3}
 46735 | Elf:1    | Identified the +5 battleaxe of the Land of Plenty {pain,
                  | Int+2}
 47066 | Elf:2    | Reached XP level 21. HP: 161/210 MP: 24/24
 47085 | Elf:2    | Reached skill level 15 in Earth Magic
 47640 | Elf:2    | Found a runed translucent gate.
 47640 | Elf:2    | Found a runed translucent gate.
 47657 | Elf:2    | Found a runed translucent gate.
 48485 | Elf:3    | Entered Level 3 of the Elven Halls
 48558 | Elf:3    | Found Gyrein's Antique Armour Shop.
 48560 | Elf:3    | Found Itunuss's Magic Scroll Boutique.
 48563 | Elf:3    | Found Muapag's Book Shop.
 49319 | Elf:3    | Reached skill level 15 in Shields
 49379 | Elf:3    | Identified the +5 mace of Kutiuf {heavy, rPois}
 49670 | Elf:3    | Got the Incunabulum of the Frostbound Dragon
 49758 | Elf:3    | Got the Grimoire of the Fault
 49786 | Elf:3    | Identified the staff of earth "Xasoxt" {rPois rN++ Int-3}
 49787 | Elf:3    | Identified the staff of poison "Uckim" {rPois rC+ Int+5}
 49789 | Elf:3    | Identified the staff of cold "Jenafize" {+Blink rF+ rC+
                  | MP+9 Str-3}
 49792 | Elf:3    | Got the Omnibus of the Tundra
 49793 | Elf:3    | Identified the +9 scimitar of Mourning {flame, Will+}
 49869 | Elf:3    | Learned a level 2 spell: Passwall
 49874 | Elf:3    | Learned a level 4 spell: Leda's Liquefaction
 49878 | Elf:3    | Learned a level 3 spell: Vhi's Electric Charge
 50280 | Crypt:1  | Entered Level 1 of the Crypt
 50406 | Crypt:1  | Found a runed translucent gate.
 50407 | Crypt:1  | Found a runed translucent gate.
 50408 | Crypt:1  | Found a runed translucent gate.
 50423 | Crypt:1  | Noticed Voydouki's ghost (veteran MiGl)
 50423 | Crypt:1  | Noticed Jetyrhek's ghost (veteran GrEE)
 50424 | Crypt:1  | Noticed Fainec's ghost (veteran GrEE)
 50754 | Crypt:1  | Found a basalt altar of Yredelemnul.
 50981 | Crypt:1  | Found an ancient bone altar of Kikubaaqudgha.
 51619 | Snake:3  | Killed Akuuror's ghost
 52135 | Crypt:2  | Reached XP level 22. HP: 219/219 MP: 23/25
 52206 | Crypt:2  | Noticed Xtahua
 52218 | Crypt:2  | Killed Xtahua
 52794 | Crypt:2  | Noticed Frederick
 52805 | Crypt:2  | Killed Frederick
 52870 | Crypt:3  | Entered Level 3 of the Crypt
 53143 | Crypt:3  | Found a staircase to the Tomb.
 53167 | Crypt:3  | Reached skill level 1 in Translocations
 53172 | Crypt:3  | Reached skill level 1 in Hexes
 53172 | Crypt:3  | Reached skill level 1 in Air Magic
 53416 | Crypt:3  | Paralysed by a vampire knight for 5 turns
 53661 | Crypt:3  | Paralysed by a vampire knight for 4 turns
 53760 | Crypt:3  | Found an ancient bone altar of Kikubaaqudgha.
 54031 | Crypt:3  | Reached skill level 5 in Translocations
 54116 | Crypt:3  | Paralysed by a vampire knight for 5 turns
 54334 | Crypt:3  | Noticed Mennas
 54364 | Crypt:3  | Killed Mennas
 54430 | Crypt:3  | Identified the ring of Yrhen {rPois rC+ rN+ Will-}
 54444 | Crypt:3  | Got the Writings on the Mausoleum
 54703 | Tomb:1   | Entered Level 1 of the Tomb of the Ancients
 54778 | Tomb:1   | Learned a level 5 spell: Irradiate
 55184 | Depths:1 | Entered Level 1 of the Depths
 55306 | Depths:1 | Reached skill level 1 in Throwing
 55560 | Depths:1 | Found Rynav's Antique Armour Emporium.
 55630 | Depths:1 | Found a glowing golden altar of the Shining One.
 55787 | Depths:1 | Reached skill level 1 in Conjurations
 55957 | Depths:1 | Found a gateway to Hell.
 55961 | Depths:1 | Reached XP level 23. HP: 228/228 MP: 22/26
 56636 | Snake:3  | Bought a phantom mirror for 1280 gold pieces
 57739 | Depths:2 | Identified the +7 short sword "Kiaf" {drain, rC- Str+6
                  | Int+3}
 57854 | Depths:2 | You fall into a shaft and drop 1 floor!
 58024 | Depths:3 | Noticed a caustic shrike
 58030 | Depths:3 | Killed a caustic shrike
 58046 | Depths:3 | Paralysed by a vampire knight for 5 turns
 58049 | Depths:3 | HP: 9/291 [vampire knight/+0 battleaxe (17)]
 58049 | Depths:3 | HP: 2/291 [vampire knight/+0 battleaxe (7)]
 58050 | Depths:3 | Slain by a shadow dragon

Illustrated notes

Levels and vault maps discovered:
D:1:      dpeg_arrival_erosion, layout_rooms
D:2:      layout_rooms
D:3:      cheibrodos_helix_gallery, layout_basic, serial_shops, shop,
          serial_rivers, chequers_serial_rivers_micro_e,
          chequers_serial_rivers_room_a, chequers_serial_rivers_micro_c,
          chequers_serial_rivers_large_a, kennysheep_potato, uniq_grinder
D:4:      layout_basic, mainiacjoe_overflow_24_doors, vehumet_crystals,
          portal_sewer_entry_c, dreamdust_princess_bridge
D:5:      layout_loops_ring, mainiacjoe_overflow_paths,
          minmay_temple_entry_gardened_gates, nicolae_ossuary_entry_giza,
          uniq_prince_ribbit1, uniq_ijyb
D:6:      layout_cave_pools, grunt_temple_overflow_bloody_war,
          mainiacjoe_overflow_alcove_2, kennysheep_generic_room_16,
          uniq_eustachio
D:7:      minmay_s_stair_smasher, layout_basic, serial_bayou_pond_e
D:8:      layout_basic, gammafunk_ghost_arena
D:9:      layout_basic, zin_scriptorium, dancing_weapons_uskayaw,
          dreamdust_wishing_well, dreamdust_deal_with_the_devil, uniq_grum,
          uniq_erolcha
D:10:     layout_small_grid, chequers_temple_overflow_statue_of_worship,
          erik_orc_3, gammafunk_ghost_abyssal_escape, minmay_lizard_king
D:11:     minmay_sliced_demisemicircle, layout_long_grid, erik_lair_dragon,
          serial_shops, nicolae_shop_just_a_little_nook,
          onia_ninara_dug_in_and_dangerous
D:12:     layout_rooms, serial_shops, nicolae_shop_tiny_glass,
          nicolae_ru_sacrificial_ziggurat, uniq_fannar
D:13:     layout_rooms
D:14:     layout_basic, grunt_vaults_entry_fortified,
          portal_ice_cave_entry_ice_statue_one, hangedman_decor_growths,
          serial_undead, serial_undead_e, serial_undead_c, serial_undead_a,
          serial_undead_f, uniq_snorg
D:15:     gammafunk_enter_depths_forms, layout_rooms, fedhas_altar_1,
          nicolae_trove_entry_free_sample, serial_shops, shop
Lair:1:   layout_long_grid, cheibrodos_lair_lostbears
Lair:2:   layout_regular_city, minmay_snake_entry_guardpost_small,
          nicolae_lair_liquid_snakes
Lair:3:   gammafunk_worm_tunnel, layout_cellular_growth,
          minmay_swamp_entry_reptiles, infiniplex_staircase_pool
Lair:4:   layout_cave_pods, minmay_holes, uniq_nessos
Lair:5:   minmay_lair_end_enchanted_forest, layout_gridlike, slime_entry_2,
          serial_bayou_pond_e
Swamp:1:  layout_basic_swamp, evilmike_swamp_ruin_house_3, hangedman_swamp_lotus
Swamp:2:  layout_basic_swamp, evilmike_swamp_ruin_rubble_2,
          cheibrodos_swamp_minitomb
Swamp:3:  layout_basic_swamp, evilmike_swamp_ruin_house_2, swamp_pool1
Swamp:4:  swamp, layout_basic_swamp
Snake:1:  layout_misc_corridors, uniq_aizul, uniq_nikola
Snake:2:  layout_layer_cave, minmay_shop_grove, uniq_asterion
Snake:3:  layout_cave_town, serial_shops, nicolae_shop_hallway_plus,
          gammafunk_ghost_arena
Snake:4:  grunt_snake_rune_pools, layout_onion, nicolae_snake_naga_rites,
          grunt_megastairs_4
Orc:1:    layout_caves, basic_altar
Orc:2:    st_orc_pillars, layout_caves, uniq_sonja
Elf:1:    nicolae_elf_arrival_dilemma, layout_geoelf_diagonals,
          minmay_elf_sorcery, hangedman_summoners_spam, uniq_azrael
Elf:2:    nicolae_elf_blades_splatter_lattice [grunt_blade_entry_basic],
          layout_loops_corners, grunt_megastairs_5
Elf:3:    elf_hall, layout_geoelf_diagonals, minmay_shop_star
Vaults:1: st_lattice, nicolae_vaults_closet_pinwheel_2, ontoclasm_vaults_pinch,
          nicolae_vaults_diamond_2, hangedman_vaults_slice,
          nicolae_vaults_weapon_check, layout_vaults_chaotic_city, serial_shops,
          nicolae_shop_real_fake_doors
Vaults:2: hangedman_vaults_restitches, nicolae_vaults_circle_grid_b,
          nicolae_vaults_angled_halls, ontoclasm_vaults_tryst,
          nicolae_vaults_angled_halls, vaults_mumra_minichess, vaults_mumra_hex,
          nicolae_vaults_little_squares_3, nicolae_vaults_little_squares_6,
          nicolae_vaults_doubleplus_tesselated, dpeg_vaults_hating_casters,
          vaults_room_fours, grunt_vaults_hallway_short, layout_vaults_omnigrid,
          serial_shops, nicolae_shop_mannequins
Vaults:3: nicolae_vaults_tangram_1, vaults_standard_mumra_lines,
          vaults_dpeg_ring, minmay_crypt_entry_simple_corners,
          vaults_dpeg_cross, nicolae_vaults_double_plus_1, st_cross,
          vaults_dpeg_hooks, nicolae_vaults_tetromino_Z_1,
          nicolae_vaults_network_s, grunt_vaults_hallway_short,
          vaults_standard_mumra_x, hangedman_vaults_trim,
          nicolae_vaults_trapezoid_lopsided_4, nicolae_vaults_trapezoid_1,
          layout_vaults_omnicross, serial_shops, bzr_entry_lakeside,
          uniq_margery
Vaults:4: nicolae_vaults_little_ls, v_misc_10, nicolae_vaults_mini_display_case,
          nicolae_vaults_ninety_degrees, nicolae_vaults_stepped_doors,
          ontoclasm_vaults_decontamination, v_misc_12, nicolae_vaults_meiosis,
          nicolae_vaults_tetromino_Z_2, ontoclasm_vaults_gallery,
          nicolae_vaults_house_3, v_misc_22, layout_vaults_maze, uniq_donald
Crypt:1:  layout_gridlike, gammafunk_ghost_cemetery, hangedman_feature_mirror,
          nicolae_crypt_niches
Crypt:2:  layout_misc_corridors, minivault_26, uniq_frederick, uniq_xtahua
Crypt:3:  church_of_pain_bobbens, layout_chaotic_city, minivault_26,
          corner_web_ring, uniq_mennas
Tomb:1
Depths:1: layout_roguey, hangedman_tar_grid_catacomb,
          nicolae_tso_carved_into_rock, serial_shops, shop, due_unseen_surprise
Depths:2: minmay_the_grid_octo_tiled_squarecenter [minmay_the_grid_octo_toaster,
          minmay_the_grid_octo_chip, minmay_the_grid_octo_focus,
          minmay_the_grid_octo_odd_swirl,
          minmay_the_grid_square_5x5_megaprize_open,
          minmay_the_grid_square_5x5_broken_cross,
          minmay_the_grid_square_5x5_shrine1,
          minmay_the_grid_square_5x5_tri_point,
          minmay_the_grid_square_5x5_plus], layout_small_grid,
          grunt_hell_entry_dis_mu, rand_demon_pan_entry_9, uniq_enchantress
Depths:3: hangedman_arch_fort, layout_honeycomb, moated_statue, abyss_entry,
          hellmouth_1, eino_curves_01, serial_bayou_ford_a

Skill      XL: |  1  2  3  4  5  6  7  8  9 10 11 12 13 14 15 16 17 18 19 20 21 22 23 |
---------------+----------------------------------------------------------------------+-----
Shields        | 3 4 5 6 7 9 10 11 12 13 14 16 | 16.3
Unarmed Combat | 3 4 5 6 8 10 11 13 14 16 17 19 20 21 | 21.3
Fighting       | 3 4 5 6 7 8 9 10 11 13 | 13.6
Dodging        | 3 5 6 7 8 9 |  9.9
Earth Magic    | 6 10 13 14 16 17 18 | 18.0
Transmutations | 5 8 11 12 13 | 13.6
Spellcasting   | 3 |  3.3
Translocations | 6 7 |  7.4
Hexes          | 2 |  2.0
Air Magic      | 3 4 |  4.0
Throwing       | 1 3 |  3.1
Conjurations   | 1 2 |  2.5

Action                     |  1- 3 |  4- 6 |  7- 9 | 10-12 | 13-15 | 16-18 | 19-21 | 22-24 || total
---------------------------+-------+-------+-------+-------+-------+-------+-------+-------++-------
  Melee: Unarmed           |    61 |   136 |   454 |   658 |  1319 |  1678 |  1783 |   691 ||  6780
         Staff             |       |       |       |       |       |       |     6 |     6 ||    12
  Throw: Boomerang         |       |       |       |       |     2 |     5 |       |       ||     7
         Large rock        |       |       |       |       |       |       |     8 |       ||     8
   Cast: Statue Form       |       |       |       |       |       |       |    30 |    52 ||    82
 Invoke: Serpent's Lash    |       |       |       |     5 |    21 |    23 |    26 |    11 ||    86
         Heavenly Storm    |       |       |       |       |     3 |     3 |     1 |       ||     7
Ability: Lunge             |       |       |    25 |    47 |   111 |   166 |   122 |    54 ||   525
         Whirlwind         |       |       |    11 |    46 |   310 |   423 |   426 |    92 ||  1308
         Evoke Blink       |       |       |       |       |     1 |     1 |     1 |       ||     3
  Evoke: Wand              |       |       |     1 |    13 |    10 |       |     3 |     1 ||    28
         Phial of floods   |       |       |       |       |       |       |     1 |       ||     1
    Use: Scroll            |       |       |     8 |    11 |     5 |    19 |     7 |     2 ||    52
         Potion            |       |       |       |       |     6 |     4 |     2 |     2 ||    14
   Stab: Distracted        |       |       |     1 |       |       |     1 |       |     3 ||     5
         Paralysed         |       |       |       |     1 |       |       |       |       ||     1
         Invisible         |       |       |       |       |       |     1 |       |       ||     1
         Sleeping          |       |       |       |       |       |       |     8 |     2 ||    10
         Petrified         |       |       |       |       |       |       |       |     1 ||     1
 Armour: Robe              |    17 |    34 |   105 |    74 |    92 |    20 |    10 |    11 ||   363
         Swamp dragon scal |       |       |       |       |       |   135 |   187 |       ||   322
         Skin              |       |       |       |       |       |       |    88 |   289 ||   377
  Dodge: Dodged            |    13 |    44 |   120 |   162 |   245 |   304 |   232 |   231 ||  1351
  Block: Kite shield       |    17 |    47 |   238 |   107 |       |       |       |       ||   409
         Tower shield      |       |       |       |   402 |  1041 |  1447 |  1448 |   940 ||  5278
         Reflection        |       |       |       |       |       |    96 |   105 |     7 ||   208
